 Dungeon Crawl Stone Soup version 0.25.1-2-g60ff931df9 (webtiles) character file.

Game seed: 18305836268985530531

476 KamiKatze the Chopper (level 6, -5/52 HPs)
             Began as a Demigod Fighter on Nov 13, 2020.
             Killed by nerve-wracking pain
             ... invoked by Menkaure
              (6 damage)
             ... on level 4 of the Dungeon.
             The game lasted 00:11:49 (2445 turns).

KamiKatze the Chopper (Demigod Fighter)             Turns: 2445, Time: 00:11:50

Health: -5/52      AC:  8    Str: 23    XL:     6   Next: 54%
Magic:  8/8        EV:  9    Int: 12    God:
Gold:   106        SH: 11    Dex: 15    Spells: 5/5 levels left

rFire    + . .     SeeInvis .   a - +4 war axe (elec)
rCold    . . .     Gourm    .   c - +1 kite shield
rNeg     . . .     Faith    .   b - +0 scale mail
rPois    .         Spirit   .   r - +0 helmet
rElec    .         Reflect  .   (no cloak)
rCorr    .         Harm     .   (no gloves)
MR       .....                  (no boots)
Stlth    ..........             (no amulet)
HPRegen  0.17/turn              q - ring of protection from fire
MPRegen  0.11/turn              (no ring)

@: mighty, flying
A: high mp 1
a: no special abilities


You were on level 4 of the Dungeon.
You were not hungry.

You visited 1 branch of the dungeon, and saw 4 of its levels.

You collected 106 gold pieces.

Inventory:

Hand Weapons
 a - a +4 war axe of electrocution (weapon)
 v - a +2 mace of holy wrath
Missiles
 k - 119 stones
 n - 27 poisoned darts (quivered)
 t - 7 curare-tipped darts
Armour
 b - a +0 scale mail (worn)
 c - a +1 kite shield (worn)
 r - a +0 helmet (worn)
 s - a +0 scale mail
Jewellery
 q - a ring of protection from fire (left hand)
Scrolls
 e - a scroll of teleportation
 l - 4 scrolls of remove curse
Potions
 g - a potion of mutation {unknown}
 h - a potion of flight
 i - 5 potions of curing
 m - a potion of cancellation {unknown}
 o - a potion of haste {unknown}
 p - a potion of heal wounds {unknown}
 u - a potion of ambrosia {unknown}
Comestibles
 f - 7 rations
 j - 2 chunks of flesh


   Skills:
 + Level 3.7 Fighting
 * Level 4.1 Axes
 + Level 3.7 Armour
 + Level 2.4 Dodging
 + Level 3.7 Shields


You had 5 spell levels left.
You didn't know any spells.
Your spell library was empty.

Dungeon Overview and Level Annotations

Branches:
Dungeon (4/15)
 Temple: D:4-7

Annotations:
D:4 Eustachio, Menkaure


Innate Abilities, Weirdness & Mutations

You have an increased reservoir of magic. (+10% MP)


Message History

Menkaure opens the door.
Menkaure calls on the powers of darkness!
Your body is wracked with pain!
* * * LOW HITPOINT WARNING * * *
Found an escape hatch in the ceiling.
You feel very mighty all of a sudden.
Menkaure gestures at you while chanting.
Pain shoots through your body!
* * * LOW HITPOINT WARNING * * *
Unknown command.
It was a potion of flight.
You feel very buoyant.
You fly up into the air.
You slash Menkaure!
Menkaure is severely damaged.
Menkaure is no longer moving quickly.
You block Menkaure's attack.
Menkaure rustles, "Let me perform the rites..."
Menkaure points at you and mumbles some strange words.
Pain shoots through your body!
You die...

######.Z..8######..§§
#..............§P
#..............PP
#.............§§§
######.####.#########
##...#######Z####.....
#.............#.......
#.........M...#.......
#.........@...#.......
####
##............#.......
#### #...
#............#.......##...
#....
#............#..........@.
#....
#...##.####.####.....##...
#....###'###.####.#
#.....##...
#...............#.<
#....@#....
#........<......#...
#.....##...
#>..............# +.....
#...


You could see Menkaure and a quokka zombie.

Vanquished Creatures
  A sky beast (D:4)
  An ogre (D:3)
  A bullfrog skeleton (D:4)
  An orc wizard (D:3)
  3 worker ants (D:4)
  Robin (D:2)
  A worker ant zombie (D:4)
  4 adders
  An ooze (D:3)
  3 worms
  4 dart slugs
  2 leopard geckos
  5 orcs (D:3)
  9 giant cockroaches
  7 goblins
  15 hobgoblins
  7 jackals
  12 bats
  2 frilled lizards (D:3)
  5 kobolds
  9 rats
94 creatures vanquished.

Notes
Turn   | Place    | Note
-------+----------+-------------------------------------------
     0 | D:1      | KamiKatze the Demigod Fighter began the quest for the Orb.
     0 | D:1      | Reached XP level 1. HP: 18/18 MP: 3/3
    71 | D:1      | Reached skill level 2 in Axes
    83 | D:1      | Reached XP level 2. HP: 8/25 MP: 4/4
   540 | D:1      | Reached XP level 3. HP: 29/30 MP: 5/5
   647 | D:1      | Reached skill level 1 in Dodging
   912 | D:2      | Noticed Robin
   916 | D:2      | Killed Robin
   967 | D:2      | Reached XP level 4. HP: 35/38 MP: 6/6
  1093 | D:2      | Found a snail-covered altar of Cheibriados.
  1093 | D:2      | Found a glowing silver altar of Zin.
  1392 | D:3      | Noticed an ogre
  1434 | D:3      | Found a hazy altar of Hepliaklqana.
  1455 | D:3      | Reached skill level 3 in Axes
  1529 | D:3      | Killed an ogre
  1529 | D:3      | Reached XP level 5. HP: 33/45 MP: 7/7
  2245 | D:4      | Noticed Eustachio
  2287 | D:4      | Reached XP level 6. HP: 49/51 MP: 8/8
  2345 | D:4      | Reached skill level 4 in Axes
  2406 | D:4      | Noticed Menkaure
  2443 | D:4      | HP: 1/52 [Menkaure/nerve-wracking pain (9)]
  2445 | D:4      | Killed from afar by Menkaure

Illustrated notes

Levels and vault maps discovered:
D:1:      minmay_arrival_nine_rooms, layout_rooms
D:2:      layout_loops_ring, gammafunk_temple_overflow_statue, first_ration,
          uniq_robin
D:3:      layout_rooms, nicolae_overflow_hidden_temple, serial_rivers,
          chequers_serial_rivers_room_b, chequers_serial_rivers_large_a,
          chequers_serial_rivers_micro_a, chequers_serial_rivers_room_b,
          chequers_serial_rivers_micro_e, chequers_serial_rivers_large_b
D:4:      layout_gridville, gup_sewer_entry_glass, serial_undead,
          serial_undead_c, serial_undead_c, serial_undead_b, serial_undead_e,
          serial_undead_b, serial_undead_c, serial_undead_c, serial_undead_e,
          trog_eyes_of_draining, uniq_eustachio, uniq_menkaure,
          uniq_blork_the_orc

Skill      XL: |  1  2  3  4  5  6 |
---------------+-------------------+-----
Axes           | 2 3 4 |  4.1
Dodging        | 1 2 |  2.4
Shields        | 3 |  3.7
Armour         | 3 |  3.7
Fighting       | 3 |  3.7

Action                   |  1- 3 |  4- 6 || total
-------------------------+-------+-------++-------
Melee: War axe           |   148 |   118 ||   266
Throw: Dart              |       |     1 ||     1
  Use: Scroll            |       |     6 ||     6
       Potion            |       |     2 ||     2
  Eat: Chunk             |     1 |     5 ||     6
Armor: Scale mail        |    80 |    60 ||   140
Dodge: Dodged            |    59 |    44 ||   103
Block: Kite shield       |    83 |    69 ||   152
